 Dungeon Crawl Stone Soup version 0.23.2-40-g277498a001 (webtiles) character file.

Game seed: 14632171567171452822

3439 FishyPogo the Blocker (level 9, -2/84 HPs)
             Began as a Troll Monk on Sept 13, 2019.
             Was an Elder of Ru.
             Slain by Erica
             ... wielding a +0 scimitar of flaming
              (5 damage)
             ... on level 8 of the Dungeon.
             The game lasted 00:22:30 (4460 turns).

FishyPogo the Blocker (Troll Monk)                  Turns: 4460, Time: 00:22:31

Health: -2/84      AC:  6    Str: 27      XL:     9   Next: 77%
Magic:  4/8        EV: 12    Int:  4 (6)  God:    Ru [****..]
Gold:   402        SH:  0    Dex: 14      Spells: 8/8 levels left

rFire    . . .     SeeInvis .     - Unarmed
rCold    . . .     Gourm    +   B - +2 shield
rNeg     . . .     Faith    .   a - +0 robe
rPois    .         Spirit   .   (helmet restricted)
rElec    .         Reflect  .   (no cloak)
rCorr    .         Harm     .   (gloves unavailable)
MR       .....                  (boots unavailable)
Stlth    +.........             (no amulet)
HPRegen  0.64/turn              w - +5 ring of strength
MPRegen  0.11/turn              (no ring)

@: confused, exhausted
A: large, unfitting armour, claws 3, fast metabolism 3, gourmand, regeneration
1, shaggy fur 1, tough skin 3, inability to use devices, unskilled 1
a: Draw Out Power, Power Leap, Renounce Religion


You were on level 8 of the Dungeon.
You worshipped Ru.
Ru was greatly pleased with you.
You were completely stuffed.

You visited 1 branch of the dungeon, and saw 8 of its levels.

You collected 402 gold pieces.

Inventory:

Missiles
 e - 207 stones (quivered)
 o - 8 poisoned tomahawks
 r - 10 tomahawks
 x - 2 throwing nets
Armour
 a - a +0 robe (worn)
 B - a +2 shield (worn)
Jewellery
 w - a +5 ring of strength (left claw)
Scrolls
 c - 8 scrolls of identify {unknown}
 g - 2 scrolls of magic mapping {unknown}
 j - 2 scrolls of teleportation
 k - a scroll of immolation {unknown}
 m - a scroll of enchant armour {unknown}
 n - 8 scrolls of remove curse {unknown}
 q - a scroll of amnesia {unknown}
 s - a scroll of fear {unknown}
 u - 2 scrolls of blinking {unknown}
 v - a scroll of torment {unknown}
 y - a scroll of silence {unknown}
 A - a scroll of acquirement {unknown}
 D - a scroll of enchant weapon {unknown}
Potions
 d - 2 potions of might {unknown}
 f - 3 potions of brilliance
 h - 4 potions of curing
 i - 2 potions of agility
 l - a potion of degeneration
 p - a potion of cancellation {unknown}
 t - a potion of haste {unknown}
 z - a potion of heal wounds
 C - a potion of lignification {unknown}
Comestibles
 b - 15 rations
 E - 3 chunks of flesh


   Skills:
 * Level 3.8 Fighting
 * Level 1.9 Throwing
 + Level 4.3 Dodging
 - Level 0.9 Stealth
 + Level 10.8 Shields
 * Level 4.7 Unarmed Combat


You had 8 spell levels left.
You didn't know any spells.
Your spell library was empty.

Dungeon Overview and Level Annotations

Branches:
Dungeon (8/15)             Temple (0/1) D:5
   Lair: D:8-11

Altars:
Dithmenos
Elyvilon
Gozag
Kikubaaqudgha
Nemelex Xobeh
Okawaru
Ru
Uskayaw
Vehumet
The Shining One

Annotations:
D:6 exclusions: Pikel and statue
D:8 Erica


Innate Abilities, Weirdness & Mutations

You are too large for most types of armour.
You have claws for hands.
Your metabolism is lightning-fast.
You like to eat raw meat.
Your natural rate of healing is unusually fast.
You are covered in fur. (AC +1)
You have extremely tough skin. (AC +3)
You cannot study or use magical devices.
You are somewhat unskilled. (-1 Apt)


Message History

You feel your dexterity returning. You block the orc's attack.
You claw the orc!
You kill the orc!
Something hits you! Something burns you.
Things that are here:
a +0 dagger; a +0 chain mail
Okay, then.
You closely miss something. You completely miss something. Something hits you!
* * * LOW HITPOINT WARNING * * *
Something burns you.
* * * LOW HITPOINT WARNING * * *
You claw something!
You hear some strange, mumbled words.
You are confused.
You claw something! Something hits you!
* * * LOW HITPOINT WARNING * * *
Something burns you.
You die...

###############
#..............#
....o.........#
.o!...........#
.....##).###..#
.##.. #..### #
##.##..##....#
.......#))...#
......Z{@....#
.......##..###
#..##.. #### #
###


You could see a leopard gecko zombie.

Vanquished Creatures
  Pikel (D:6)
  A hippogriff (D:7)
  A spriggan (D:7)
  Eustachio (D:6)
  The ghost of oldnick the Magician, an amateur DEWz (D:5)
  A water moccasin (D:7)
  Duvessa (D:6)
  An orc warrior (D:8)
  A black bear (D:6)
  2 ice beasts (D:6)
  4 slaves (D:6)
  A phantom (D:4)
  2 ogres
  A centaur (D:7)
  A crocodile (D:8)
  4 bullfrogs
  4 scorpions
  Dowan (D:6)
  A killer bee (D:4)
  A howler monkey (D:4)
  A crimson imp (D:5)
  4 hounds
  2 centaur skeletons
  5 orc wizards
  2 orc priests
  2 bullfrog skeletons
  An iguana (D:4)
  4 worker ants
  2 hound skeletons (D:7)
  Robin (D:2)
  4 gnolls
  8 adders
  An ooze (D:5)
  An adder skeleton (D:4)
  3 worms (D:2)
  A dart slug (D:2)
  3 leopard geckos
  16 orcs
  3 ball pythons
  4 bats
  2 bat zombies (D:1)
  3 giant cockroaches
  9 hobgoblins
  7 jackals
  7 kobolds
  3 quokkas
  2 frilled lizards
  11 goblins
  A jackal zombie (D:7)
  A quokka skeleton (D:5)
  11 rats
156 creatures vanquished.

Notes
Turn   | Place    | Note
-------+----------+-------------------------------------------
     0 | D:1      | FishyPogo the Troll Monk began the quest for the Orb.
     0 | D:1      | Reached XP level 1. HP: 22/22 MP: 0/0
   132 | D:1      | Reached XP level 2. HP: 26/29 MP: 1/1
   904 | D:2      | Noticed Robin
   957 | D:2      | Reached XP level 3. HP: 28/36 MP: 2/2
  1076 | D:2      | Reached XP level 4. HP: 34/44 MP: 3/3
  1084 | D:2      | Killed Robin
  1527 | D:2      | Found a sacrificial altar of Ru.
  1560 | D:2      | Became a worshipper of Ru the Awakened
  1578 | D:2      | Gained mutation: You cannot study or use magical devices.
                  | [Ru sacrifice]
  1578 | D:2      | Reached * piety under Ru
  1578 | D:2      | Reached ** piety under Ru
  2016 | D:4      | Reached XP level 5. HP: 53/53 MP: 4/4
  2037 | D:4      | Found a white marble altar of Elyvilon.
  2103 | D:4      | Reached XP level 6. HP: 38/61 MP: 5/5
  2299 | D:4      | Reached skill level 2 in Shields
  2432 | D:4      | Reached skill level 3 in Shields
  2471 | D:4      | Reached XP level 7. HP: 67/67 MP: 6/6
  2541 | D:4      | Reached skill level 4 in Shields
  2710 | D:5      | Entered Level 5 of the Dungeon
  2735 | D:5      | Reached skill level 5 in Shields
  2867 | D:5      | Found a staircase to the Ecumenical Temple.
  2900 | D:5      | Reached skill level 6 in Shields
  3100 | D:5      | Found a runed translucent door.
  3102 | D:5      | Noticed oldnick's ghost (amateur DEWz)
  3146 | D:5      | Reached skill level 7 in Shields
  3189 | D:5      | Killed oldnick's ghost
  3230 | D:5      | Found a sparkling altar of Nemelex Xobeh.
  3280 | D:6      | Gained mutation: You are somewhat unskilled. (-1 Apt) [Ru
                  | sacrifice]
  3280 | D:6      | Reduced skill Shields to level 6
  3280 | D:6      | Reached *** piety under Ru
  3280 | D:6      | Reached **** piety under Ru
  3285 | D:6      | Reached skill level 7 in Shields
  3285 | D:6      | Reached XP level 8. HP: 61/75 MP: 7/7
  3374 | D:6      | Noticed Eustachio
  3407 | D:6      | Killed Eustachio
  3427 | D:6      | Reached skill level 8 in Shields
  3560 | D:6      | Found an ancient bone altar of Kikubaaqudgha.
  3560 | D:6      | Found an opulent altar of Gozag.
  3561 | D:6      | Noticed Duvessa
  3561 | D:6      | Noticed Dowan
  3585 | D:6      | Killed Duvessa
  3585 | D:6      | Reached skill level 9 in Shields
  3601 | D:6      | Found a shadowy altar of Dithmenos.
  3601 | D:6      | Found an iron altar of Okawaru.
  3606 | D:6      | Killed Dowan
  3643 | D:6      | Noticed Pikel
  3700 | D:6      | Found a glowing golden altar of the Shining One.
  3866 | D:6      | Killed Pikel
  3866 | D:6      | Reached skill level 10 in Shields
  3866 | D:6      | Reached XP level 9. HP: 60/83 MP: 8/8
  3934 | D:6      | Found a radiant altar of Vehumet.
  3996 | D:7      | Found a hide-covered altar of Uskayaw.
  4204 | D:7      | Reached skill level 1 in Throwing
  4371 | D:7      | Got a bloodstained dagger
  4374 | D:7      | Identified the +9 dagger "Pendulum" {pain, Stlth+} (You
                  | found it on level 7 of the Dungeon)
  4449 | D:8      | Noticed Erica
  4460 | D:8      | HP: 3/84 [something (13)]
  4460 | D:8      | Slain by Erica

Skill      XL: |  1  2  3  4  5  6  7  8  9 |
---------------+----------------------------+-----
Dodging        | 3 4 |  4.3
Fighting       | 3 |  3.8
Unarmed Combat | 4 |  4.7
Shields        | 3 7 10 | 10.8
Stealth        | 0 |  0.9
Throwing       | 1 |  1.9

Action                   |  1- 3 |  4- 6 |  7- 9 || total
-------------------------+-------+-------+-------++-------
Melee: Unarmed           |   111 |   159 |   328 ||   598
       Punch             |       |       |     2 ||     2
Throw: Stone             |    11 |       |       ||    11
Invok: Sacrifice Artific |       |     1 |       ||     1
       Sacrifice Skill   |       |       |     1 ||     1
       Power Leap        |       |       |     2 ||     2
       Draw Out Power    |       |       |     1 ||     1
  Use: Potion            |       |       |     5 ||     5
       Scroll            |       |       |     1 ||     1
 Stab: Sleeping          |     3 |     1 |     3 ||     7
       Invisible         |       |       |     1 ||     1
  Eat: Chunk             |    14 |    13 |    20 ||    47
Armor: Robe              |    58 |    48 |    46 ||   152
Dodge: Dodged            |   105 |    88 |    97 ||   290
Block: Shield            |       |       |   153 ||   153
